 Dungeon Crawl Stone Soup version 0.30-b1-2-g02819fbbbe (webtiles) character file.

Game seed: 9746447278923593859

104 Mesmaeker13 the Shooter (level 4, -4/37 HPs)
             Began as a Barachi Hunter on Aug 4, 2023.
             Slain by a sky beast (6 damage)
             ... on level 7 of the Dungeon.
             The game lasted 00:03:33 (1705 turns).

Mesmaeker13 the Shooter (Barachi Hunter)            Turns: 1705, Time: 00:03:34

Health: -4/37      AC:  5    Str: 12    XL:     4   Next: 80%
Magic:  4/4        EV: 13    Int:  9    God:
Gold:   87         SH:  0    Dex: 18    Spells: 3/3 levels left

rFire   + . .        n - +1 dagger (venom)
rCold   . . .        (no shield)
rNeg    + . .        q - +1 leather armour {rF+}
rPois   .            k - +0 helmet
rElec   .            (no cloak)
rCorr   .            (no gloves)
SInv    .            (no boots)
Will    .....        (no amulet)
Stlth   ++           m - ring of positive energy
HPRegen 0.26/turn    (no ring)
MPRegen 0.09/turn

%: no passive effects
@: unable to hop, slow
A: amphibious, slowness 1, strong legs 1, +LOS
a: Hop


You were on level 7 of the Dungeon.
You visited 1 branch of the dungeon, and saw 5 of its levels.

You collected 87 gold pieces.

Inventory:

Hand Weapons
 a - a +0 shortbow
 n - a +1 dagger of venom (weapon)
Missiles
 d - a throwing net
 o - 2 poisoned darts
Armour
 k - a +0 helmet (worn)
 q - a +1 leather armour of fire resistance (worn)
Jewellery
 m - a ring of positive energy (left hand)
Wands
 j - a wand of flame (11)
 p - a wand of light (3)
Scrolls
 b - 3 scrolls of immolation
 e - a scroll of magic mapping
 h - a scroll of fog {unknown}
 l - a scroll of teleportation
Potions
 c - a potion of resistance {unknown}
 f - a potion of ambrosia
 i - a potion of lignification {unknown}


   Skills:
 + Level 3.9 Fighting
 + Level 4.7 Ranged Weapons
 + Level 3.5 Dodging
 - Level 0.8 Stealth


You had 3 spell levels left.
You didn't know any spells.
Your spell library contained the following spells:

 Spells                   Type           Power      Damage    Failure   Level
 Slow                     Hex            0%         N/A       45%         1
 Confusing Touch          Hex            0%         N/A       83%         3
 Vampiric Draining        Necr           0%         2d6       83%         3
 Volatile Blastmotes      Fire/Tloc      0%         2d10      83%         3
 Fulminant Prism          Conj/Hex       0%         3d5       99%         4
 Iskenderun's Mystic Bla  Conj/Tloc      0%         2d3       99%         4
 Lee's Rapid Deconstruct  Erth           0%         3d4*      100%        5


Dungeon Overview and Level Annotations

Branches:
Dungeon (4/15)             Temple (0/1) D:4

Altars:
Ashenzari

Annotations:
D:3 Sigmund


Innate Abilities, Weirdness & Mutations

You are amphibious.
You cover ground slowly.
You can hop short distances.
You have an extended range of vision and can be seen from far away.


Message History

You feel better. Something hits you but does no damage.
Something hits you but does no damage. Something hits you but does no damage.
Something hits you.
* * * LOW HITPOINT WARNING * * *
Something shocks you.
* * * LOW HITPOINT WARNING * * *
A sky beast appears from thin air!
Reactivating autopickup.
Aiming: Bolt of Light
Press: ? - help, Shift-Dir - straight line, f - sky beast
Aim: a sky beast (moderately wounded, 60% to hit)
The bolt of light misses the sky beast.
You hear a shout!
The sky beast barely misses you.
Unknown command.
Aiming: Bolt of Light
Press: ? - help, Shift-Dir - straight line, f/p - sky beast
Aim: a sky beast (moderately wounded, 60% to hit)
The bolt of light hits the sky beast!
The sky beast is severely wounded.
The sky beast is blinded.
An orc wizard comes into view. It is wielding a +0 dagger.
An orc warrior comes into view. It is wielding a +0 hand axe.
The sky beast closely misses you.
An orc comes into view. It is wielding a +0 club.
The orc shouts!
You hit the sky beast but do no damage.
The sky beast is poisoned.
The sky beast is severely wounded.
Something shouts, "Turn tail, thou froward clay-brained nert!"
The sky beast closely misses you.
You hit the sky beast.
The sky beast is almost dead.
The sky beast barely misses you.
You hit the sky beast but do no damage.
The sky beast looks as sick as possible!
The sky beast is almost dead.
The sky beast hits you.
* * * LOW HITPOINT WARNING * * *
The sky beast shocks you.
You die...

#.....# ## #....[#### ...
#>.......# .... #
#......#.##..# #.######
#......#.#.[# .......!
##.##.......# ........
###.###......#
........##......Y..#...#
>...............@#..)#.#
......!<#....##.o...## #
........#....#..#o......
.../....#......###.......
.?......#...#### ...##.#
............. ..... .
.............# .....
.....#....##.# ......
........... .. ......


You could see an orc warrior, a sky beast (blind, extremely poisoned) and an orc
wizard.

Vanquished Creatures
  Ijyb (D:2)
  An adder (D:2)
  A worm (D:3)
  A dart slug (D:3)
  An orc (D:3)
  3 endoplasms (D:1)
  3 giant cockroaches (D:1)
  7 goblins
  8 hobgoblins
  2 jackals
  4 quokkas
  6 ball pythons
  8 bats
  3 frilled lizards (D:1)
  3 kobolds
  8 rats
60 creatures vanquished.

Vanquished Creatures (others)
  2 jackals (D:2)
2 creatures vanquished.

Grand Total: 62 creatures vanquished

Notes
Turn   | Place    | Note
-------+----------+-------------------------------------------
     0 | D:1      | Mesmaeker13 the Barachi Hunter began the quest for the Orb.
     0 | D:1      | Reached XP level 1. HP: 17/17 MP: 1/1
   131 | D:1      | Reached XP level 2. HP: 23/23 MP: 2/2
   272 | D:1      | Reached XP level 3. HP: 29/29 MP: 3/3
  1010 | D:2      | Found a broken altar of Ashenzari.
  1104 | D:2      | Reached XP level 4. HP: 35/35 MP: 4/4
  1250 | D:3      | Noticed Ijyb
  1252 | D:3      | Noticed Sigmund
  1282 | D:2      | Killed Ijyb
  1634 | D:4      | Found a staircase to the Ecumenical Temple.
  1634 | D:4      | You fall into a shaft and drop 3 floors!
  1657 | D:7      | Noticed a sky beast
  1661 | D:7      | Noticed an ogre
  1702 | D:7      | Noticed an orc warrior
  1705 | D:7      | Slain by a sky beast

Illustrated notes

Levels and vault maps discovered:
D:1:      minmay_arrival_stone_box, layout_loops_ring, minmay_small_reverse_x
D:2:      layout_loops_cross, basic_altar
D:3:      layout_rooms, gup_sewer_entry_glass, corexii_corridor_pit,
          uniq_sigmund, uniq_ijyb
D:4:      layout_rooms, vehumet_crystals, minmay_temple_entry_statues_pillars,
          serial_shops, shop, minmay_misc_feat_cross, nicolae_underground_beach
D:7:      layout_rooms, kb_lookout_dungeons_type

Skill      XL: |  1  2  3 |
---------------+----------+-----
Fighting       | 3 |  3.9
Dodging        | 3 |  3.5
Ranged Weapons | |  4.7
Stealth        | |  0.8

Action                     |  1- 3 |  4- 6 || total
---------------------------+-------+-------++-------
  Melee: Dagger            |       |    18 ||    18
   Fire: Shortbow          |   118 |    42 ||   160
Ability: Hop               |     1 |     2 ||     3
  Evoke: Wand              |       |     3 ||     3
    Use: Scroll            |       |     4 ||     4
         Potion            |       |     3 ||     3
 Armour: Leather armour    |    12 |    20 ||    32
  Dodge: Dodged            |    33 |    42 ||    75
